[Event "Allsvenskan 24-25"]
[Site "Linköping, Sweden"]
[Date "2025.02.02"]
[Round "7.1"]
[White "Palmblad, Jan Peter"]
[Black "Nyberg, Peter"]
[Result "1-0"]
[TimeControl "90 min/40 moves + 30 min + 30 sec from move 1"]
[WhiteElo "1944"]
[BlackElo "1972"]

1. e4 c6 2. Nf3 d5 3. exd5 cxd5 4. Ne5 Nc6 5. d4 g6 6. c3 Bg7 7. Bf4 f6 8. Nxc6 bxc6 9. Bd3 e5 10.
dxe5 fxe5 11. Bg3 e4 12. Be2 Nf6 13. O-O O-O 14. Na3 Be6 15. Nc2 Qb6 16. b4 c5 17. bxc5 Qxc5 18. Be5 Nd7 19.
Bxg7 Kxg7 20. Nd4 Bf7 21. Qd2 Ne5 22. Qg5 Rae8 23. Bb5 Qxc3 24. Nf5+ Kg8 25. Rac1 Qb2 26. Rb1 Qc3 27. Rfc1 Qa5 28.
Bxe8 Rxe8 29. Ne7+ Kf8 30. Rb7 Nd3 31. Qh6# 1-0

[Event "Allsvenskan 24-25"]
[Site "Linköping, Sweden"]
[Date "2025.02.02"]
[Round "7.2"]
[White "Thyberg, Andre"]
[Black "Unander, Matts"]
[Result "1-0"]
[TimeControl "90 min/40 moves + 30 min + 30 sec from move 1"]
[WhiteElo "1973"]
[BlackElo "1949"]

1. e4 c5 2. d4 cxd4 3. c3 d5 4. exd5 Qxd5 5. cxd4 Nc6 6. Nf3 e6 7. Nc3 Qd8 8. Bc4 Nf6 9. O-O Be7 10.
a3 O-O 11. Be3 a6 12. Ba2 b5 13. b4 Bb7 14. Qd2 Qd7 15. Rfd1 Rad8 16. h3 Qc8 17. Qc2 Qb8 18. Bb1 g6 19.
Ng5 Nh5 20. Nge4 f5 21. Ng5 Bxg5 22. Bxg5 Nxd4 23. Qb2 Nf4 24. Bxd8 Bxg2 25. Rxd4 Rxd8 26. Qd2 Rxd4 27. Qxd4 Ba8 28.
Qe3 Qc7 29. Ba2 Qxc3 30. Qxc3 Ne2+ 31. Kf1 Nxc3 32. Bxe6+ Kg7 33. Rc1 Na4 34. Bc8 Bd5 35. Rc7+ Kf6 36. Rxh7 Nc3 37. Bxa6 Bc4+ 38.
Ke1 Nb1 39. a4 1-0

[Event "Allsvenskan 24-25"]
[Site "Linköping, Sweden"]
[Date "2025.02.02"]
[Round "7.3"]
[White "Lundberg, Daniel 1971"]
[Black "Lindstrom, Andreas"]
[Result "0-1"]
[TimeControl "90 min/40 moves + 30 min + 30 sec from move 1"]
[WhiteElo "1818"]
[BlackElo "1953"]

1. Nf3 c5 2. g3 g6 3. c4 Bg7 4. Nc3 e6 5. Bg2 Ne7 6. O-O Nbc6 7. d3 d5 8. cxd5 exd5 9. Bf4 O-O 10.
Qd2 Be6 11. Bh6 Nf5 12. Bxg7 Kxg7 13. Rfd1 Qd7 14. Qf4 Nfd4 15. e3 Nxf3+ 16. Bxf3 f6 17. e4 g5 18. Qd2 d4 19. Nb1 Ne5 20.
Be2 Bg4 21. f3 Bxf3 22. Rf1 Qg4 23. Bd1 h5 24. Na3 h4 25. Qf2 hxg3 26. hxg3 Bxd1 27. Raxd1 Rf7 28. Nb5 Rd8 29. Rd2 a6 30.
Na3 Rh8 31. Qf5 Qxg3+ 32. Rg2 Qh4 33. Rf4 Qh1+ 34. Kf2 Nxd3+ 35. Kf3 Rh3+ 0-1

[Event "Allsvenskan 24-25"]
[Site "Linköping, Sweden"]
[Date "2025.02.02"]
[Round "7.4"]
[White "Stahlberg, Adam"]
[Black "Carlsson, Tomas"]
[Result "1-0"]
[TimeControl "90 min/40 moves + 30 min + 30 sec from move 1"]
[WhiteElo "1943"]
[BlackElo "1781"]

1. d4 e6 2. c4 f5 3. g4 fxg4 4. h3 Nf6 5. hxg4 d5 6. Bg2 Nxg4 7. e4 e5 8. f3 Bb4+ 9. Nc3 exd4 10.
Qxd4 Qf6 11. Qxf6 Nxf6 12. cxd5 c6 13. dxc6 Nxc6 14. Nge2 O-O 15. Be3 Ne5 16. O-O-O Nc4 17. Bg5 h6 18.
Bxf6 Rxf6 19. Nd5 Rg6 20. Nef4 Rxg2 21. Nxg2 Ba5 22. Nge3 Nxe3 23. Nxe3 Be6 24. Kb1 Rf8 25. Rdf1 Bd7 26.
Nc4 Bc7 27. b3 a5 28. a4 b5 29. axb5 Bxb5 30. Rh5 Ba6 31. Rc5 Bd8 32. Rd1 Be7 33. Rxa5 Bxc4 34. bxc4 Rxf3 35. c5 Rc3 36.
Rc1 Re3 37. c6 Bd6 38. Rc4 Kh7 39. Rd5 Bc7 40. Rd7 Bb6 41. Rb4 Ba5 42. Rc4 Kg6 43. c7 Bxc7 44. Rcxc7 Rxe4 45. Rxg7+ Kh5 46.
Rc6 Re8 47. Kc2 Rh8 48. Kd3 Kh4 49. Rc1 Rd8+ 50. Ke4 Re8+ 51. Kf4 Rf8+ 52. Ke5 Re8+ 53. Kd6 1-0

[Event "Allsvenskan 24-25"]
[Site "Linköping, Sweden"]
[Date "2025.02.02"]
[Round "7.5"]
[White "Koffler, Alexander"]
[Black "Nordstrom, Per-Olov"]
[Result "0-1"]
[TimeControl "90 min/40 moves + 30 min + 30 sec from move 1"]
[WhiteElo "1755"]
[BlackElo "1936"]

1. e4 c5 2. Nc3 Nc6 3. Nge2 Nf6 4. g3 e5 5. d3 d6 6. h3 g6 7. Be3 Bg7 8. Qd2 Nd4 9. Bg2 O-O 10.
O-O Bxh3 11. Bg5 Bxg2 12. Kxg2 Qd7 13. Nxd4 cxd4 14. Ne2 Nh5 15. Bh6 f5 16. Bxg7 Kxg7 17. f3 Rf7 18. Rh1 Raf8 19.
Raf1 d5 20. c3 fxe4 21. dxe4 dxe4 22. fxe4 Rxf1 23. Rxf1 Rxf1 24. Kxf1 Qh3+ 25. Kf2 Qh2+ 26. Kf3 Nxg3 27. Qg5 Nxe2 28.
Qe7+ Kh6 0-1

[Event "Allsvenskan 24-25"]
[Site "Linköping, Sweden"]
[Date "2025.02.02"]
[Round "7.6"]
[White "Thornqvist, Ofelia"]
[Black "Tornqvist, Alexander"]
[Result "1/2-1/2"]
[TimeControl "90 min/40 moves + 30 min + 30 sec from move 1"]
[WhiteElo "1873"]
[BlackElo "1693"]

1. d4 Nf6 2. Bf4 c5 3. e3 Qb6 4.
Nc3 cxd4 5. exd4 Qxb2 6. Nb5 Na6 7. Qb1 Qxb1+ 8. Rxb1 Nh5 9. Bd2 d5 10. Nf3 e6 11. Bd3 Be7 12. O-O O-O 13.
Rfe1 Rd8 14. Ne5 Bd7 15. Ba5 b6 16. Bd2 Nf6 17. h3 Bxb5 18. Bxb5 Nc7 19. Nc6 Rd7 20. Nxe7+ Rxe7 21. Bc6 Rc8 22.
Bb4 Nce8 23. Bxe7 Rxc6 24. Re2 Ne4 25. Bb4 N8d6 26. f3 Ng3 27. Rf2 Ndf5 28. Kh2 h5 29. Be1 h4 30. c3 Ne3 31.
Rfb2 Ngf1+ 32. Kg1 g5 33. Rb3 f5 34. Kf2 f4 35. Ke2 e5 36. dxe5 Re6 37. Bxh4 gxh4 38. Rxf1 Nxf1 39. Kxf1 Rxe5 40.
Rb4 Rf5 41. Rd4 Kf7 42. Kf2 1/2-1/2

[Event "Allsvenskan 24-25"]
[Site "Linköping, Sweden"]
[Date "2025.02.02"]
[Round "7.7"]
[White "Wiss, Patrik"]
[Black "Pettersson, Borje"]
[Result "0-1"]
[TimeControl "90 min/40 moves + 30 min + 30 sec from move 1"]
[WhiteElo "1717"]
[BlackElo "1909"]

1. e4 c5 2. c3 Nc6 3. d4 cxd4 4.
cxd4 d5 5. exd5 Qxd5 6. Be3 e6 7. a3 Nf6 8. Nc3 Qd8 9. Nf3 Be7 10. Be2 O-O 11. O-O a6 12. b4 b5 13. Qb3 Bb7 14.
Rfd1 Nb8 15. Ne5 Nd5 16. Bf3 Bf6 17. Nxd5 Bxd5 18. Bxd5 Qxd5 19. Qxd5 exd5 20. f4 a5 21. Bd2 a4 22.
Rac1 Na6 23. Rc6 Rfd8 24. Kf2 Kf8 25. Rb6 Bxe5 26. fxe5 Rdb8 27. Rd6 Rd8 28. Rb6 Nc7 29. Rc1 Ne6 30.
Be3 Rab8 31. Rcc6 Ke8 32. Rxb8 Rxb8 33. Rd6 Nc7 34. Kf3 h6 35. h4 Ke7 36. g4 Rc8 37. g5 hxg5 38. Bxg5+ f6 39.
Bxf6+ gxf6 40. Rxf6 Rf8 41. Rxf8 Kxf8 42. Kg4 Ne6 43. Kf5 Kf7 44. h5 Nxd4+ 45. Kg5 Ne6+ 46. Kf5 Ng7+ 47. Kg5 Nxh5 48.
Kxh5 Ke6 49. Kg4 Kxe5 50. Kf3 Kd4 51. Ke2 Kc3 0-1